Rafales vs Royaux (R1)

Created - January 17, 2021 at 19:59

Goals
1 2 3 T
Rafales 1 2 1 4
Royaux 0 5 1 6
Shots
1 2 3 T
Rafales 5 12 13 30
Royaux 7 7 16 30

1st period

1. Rafales , Jayson Megna 9 (Slater Koekkoek 4, James Livingstone 7) at 17:20

Penalties :
Ben Thomson (Stf) for Cross-checking (Minor) at 3:31

2nd period

2. Royaux , Brandon Pirri 21 (Kasperi Kapanen 20, Mathew Barzal 15) at 0:40
3. Royaux , Ben Hanowski 15 (Dylan Larkin 31, Tye McGinn 29) at 0:51
4. Rafales , Zac Dalpe 19 (Brian Ferlin 15, James Sheppard 16) at 1:05
5. Rafales , Connor Murphy 4 (Borna Rendulic 9) at 8:52
6. Royaux , Tye McGinn 24 (Marcus Pettersson 22, Dylan Larkin 32) at 8:58
7. Royaux , Kasperi Kapanen 10 (Brandon Pirri 15, Phil Oreskovic 7) at 12:41
8. Royaux , Tye McGinn 25 (Brandon Pirri 16, Ian McCoshen 3) at 15:13

Penalties :
Ben Hanowski (Cap) for Hooking (Minor) at 1:28, Simon Despres (Cap) for Hooking (Minor) at 5:21, Brandon Pirri (Cap) for Slashing (Minor) at 13:00, Garret Ross (Stf) for Hooking (Minor) at 15:16, Jayson Megna (Stf) for Hooking (Minor) at 17:40, Tye McGinn (Cap) for Hooking (Minor) at 19:18

3rd period

9. Royaux , Mathieu Joseph 5 (Sonny Milano 8, Vladislav Namestnikov 7) at 1:27
10. Rafales , James Sheppard 18 (Julian Melchiori 14, Joey Laleggia 7) at 17:10 (PP)

Penalties :
Jayson Megna (Stf) for Delaying the game (Minor) at 2:12, Danny Kristo (Cap) for Holding (Minor) at 7:16, Jordie Benn (Cap) for Interference (Minor) at 11:34, Ian McCoshen (Cap) for Interference (Minor) at 15:49, Ben Hanowski (Cap) for Boarding (Minor) at 17:32

Goalie Stats

Sean Maguire (Stf), 15 saves from 16 shots - (0.938), 24:47 minutes
Leland Irving (Stf), 9 saves from 14 shots - (0.643), L, 12-13-3, 35:13 minutes
Olivier Roy (Cap), 26 saves from 30 shots - (0.867), W, 11-4-2, 60:00 minutes

Players Stats for Rafales

Player Name              G  A  P  +/- PIM S  H  SB GA TA FO     MP     PP MP  PK MP  
------------------------------------------------------------------------------------
Alexander Yelesin        0  0  0   2  0   0  0  0  0  0  0/0    10:06   0:00   0:00 
Ben Johnson              0  0  0   0  0   0  1  0  0  0  0/0     1:54   0:00   1:41 
Ben Thomson              0  0  0  -1  2   1  2  0  0  0  0/1    10:55   0:00   0:00 
Blake Speers             0  0  0   0  0   0  0  0  0  0  0/0     0:00   0:00   0:00 
Borna Rendulic           0  1  1  -1  0   2  0  0  0  0  0/0    10:55   0:00   0:00 
Brad Ross                0  0  0   0  0   0  0  0  0  0  0/0     1:20   0:05   0:48 
Brian Ferlin             0  1  1  -2  0   5  2  0  2  0  0/1    23:17   8:10   3:56 
Cade Fairchild           0  0  0  -3  0   2  0  1  2  0  0/0    29:50   8:58   4:20 
Connor Murphy            1  0  1  -3  0   4  1  2  5  1  0/0    29:50   8:58   4:20 
David Broll              0  0  0   0  0   0  0  0  0  0  0/0     0:00   0:00   0:00 
Garret Ross              0  0  0   0  2   3  2  0  1  0  1/1    18:24   6:26   1:45 
James Livingstone        0  1  1   0  0   1  2  0  1  0  1/1    16:09   6:26   0:00 
James Sheppard           1  1  2  -2  0   4  0  0  0  0  1/4    21:50   8:14   2:21 
Jayson Megna             1  0  1   0  4   2  1  0  0  0  2/9    16:44   6:34   0:00 
Joe Labate               0  0  0  -1  0   0  2  0  1  1  1/3    10:55   0:00   0:00 
Joey Laleggia            0  1  1  -2  0   1  0  0  1  1  0/0    20:04   5:55   3:15 
Julian Melchiori         0  1  1  -2  0   1  1  3  0  0  0/0    20:04   5:55   3:15 
Pavel Kraskovsky         0  0  0  -1  0   0  0  0  0  0  0/0     1:13   0:22   0:00 
Ryan Bourque             0  0  0   0  0   0  1  0  0  0  4/5     5:18   0:00   0:29 
Slater Koekkoek          0  1  1   2  0   0  0  0  0  0  0/0    10:06   0:00   0:00 
Tyrell Goulbourne        0  0  0   0  0   0  0  0  0  0  0/1     4:49   0:00   0:00 
Zac Dalpe                1  0  1  -1  0   4  3  0  0  0  25/39  28:17   8:22   4:10 

Players Stats for Royaux

Player Name              G  A  P  +/- PIM S  H  SB GA TA FO     MP     PP MP  PK MP  
------------------------------------------------------------------------------------
Ben Hanowski             1  0  1   1  4   5  4  1  0  2  0/1    18:29   4:05   2:43 
Brandon Pirri            1  2  3   2  2   1  4  1  0  0  0/1    17:11   3:30   1:46 
Brendan Woods            0  0  0  -1  0   0  0  0  1  2  2/4    16:36   0:00   8:26 
Danny Kristo             0  0  0  -1  2   2  2  0  1  0  7/13   15:50   0:00   7:36 
Dylan Larkin             0  2  2   1  0   6  2  0  0  0  8/23   16:28   4:05   0:05 
Ian McCoshen             0  1  1   2  2   0  1  2  0  1  0/0    12:29   0:00   5:41 
Jordie Benn              0  0  0   3  2   0  2  4  1  3  0/0    25:47   4:30   7:40 
Kasperi Kapanen          1  1  2   1  0   2  2  0  0  1  3/4    19:34   3:30   3:32 
Marcus Pettersson        0  1  1   3  0   2  4  1  0  0  0/0    22:50   3:25   2:29 
Mathew Barzal            0  1  1   1  0   1  1  0  0  1  6/13   14:37   3:30   0:03 
Mathieu Joseph           1  0  1   1  0   1  0  0  0  0  0/0     5:36   0:00   0:00 
Phil Oreskovic           0  1  1   2  0   1  1  0  0  0  0/0    20:43   3:05   6:14 
Rourke Chartier          0  0  0  -1  0   0  2  0  0  0  2/3     7:35   0:00   0:00 
Simon Despres            0  0  0  -2  2   3  4  0  0  1  0/0    21:52   1:05   7:20 
Sonny Milano             0  1  1   1  0   1  0  0  0  0  0/0     5:36   0:00   0:00 
Travis Sanheim           0  0  0  -2  0   1  0  2  0  2  0/0    16:25   3:05   0:22 
Tye McGinn               2  1  3   2  2   4  3  0  0  0  1/2    19:32   4:04   3:57 
Vladislav Namestnikov    0  1  1   2  0   0  0  0  0  0  1/1     7:28   0:00   1:38 

3 Stars

1 - Tye McGinn (Cap)
2 - Brandon Pirri (Cap)
3 - Kasperi Kapanen (Cap)

Power Play

Rafales - 1 on 8 Attempt(s) - 12.50%
Royaux - 0 on 4 Attempt(s) - 0.00%

Penalty Kill

Rafales - 4 on 4 Attempt(s) - 100.00% - Score 0 goal in Penalty Kill
Royaux - 7 on 8 Attempt(s) - 87.50% - Score 0 goal in Penalty Kill

Team Stat

Rafales - Hits : 18 - Faceoff Wins : 35 - Blocked Shots : 6 - Penalty Minutes : 8
Royaux - Hits : 32 - Faceoff Wins : 30 - Blocked Shots : 11 - Penalty Minutes : 16

Official

Referees : Unknown
Linesman : Unknown

Game Notes

Sean Maguire enters game at 15:13 of 2nd period

Finance

Level 1 -- Attendance: 1667 (83.35%) -- Ticket Income $58,345
Level 2 -- Attendance: 623 (62.30%) -- Ticket Income $12,460
Total Attendance: 2290 (76.33%)
Total Ticket Income: $70,805
Other Income: $3,540
Total Income: $74,345

Rafales

5 vs 5 Forward 
   Center                   Left Wing                Right Wing               Time % Phy DF OF 
 1 Zac Dalpe                James Sheppard           Brian Ferlin             40     1   2  2  
 2 Jayson Megna             Garret Ross              James Livingstone        30     1   2  2  
 3 Joe Labate               Ben Thomson              Borna Rendulic           20     1   2  2  
 4 Ryan Bourque             Tyrell Goulbourne        Zac Dalpe                10     1   2  2  

5 vs 5 Defense 
   Defense                  Defense                                           Time % Phy DF OF 
 1 Connor Murphy            Cade Fairchild                                    40     1   2  2  
 2 Julian Melchiori         Joey Laleggia                                     30     1   2  2  
 3 Slater Koekkoek          Alexander Yelesin                                 20     1   2  2  
 4 Connor Murphy            Cade Fairchild                                    10     1   2  2  

PowerPlay Forward 
   Center                   Left Wing                Right Wing               Time % Phy DF OF 
 1 Zac Dalpe                James Sheppard           Brian Ferlin             60     1   2  2  
 2 Jayson Megna             Garret Ross              James Livingstone        40     1   2  2  

PowerPlay Defense
   Defense                  Defense                                           Time % Phy DF OF 
 1 Connor Murphy            Cade Fairchild                                    60     1   2  2  
 2 Julian Melchiori         Joey Laleggia                                     40     1   2  2  

Penalty Kill 4 Players Forward 
   Center                   Wing                     Time % Phy DF OF 
 1 Zac Dalpe                Brian Ferlin             60     1   2  2  
 2 James Sheppard           Garret Ross              40     1   2  2  

Penalty Kill 4 Players Defense
   Defense                  Defense                  Time % Phy DF OF 
 1 Connor Murphy            Cade Fairchild           60     1   2  2  
 2 Julian Melchiori         Joey Laleggia            40     1   2  2  

Penalty Kill - 3 Players Forward 
   Forward                                           Time % Phy DF OF 
 1 Zac Dalpe                                         60     1   2  2  
 2 Brian Ferlin                                      40     1   2  2  

Penalty Kill - 3 Players Defense
   Defense                  Defense                  Time % Phy DF OF 
 1 Connor Murphy            Cade Fairchild           60     1   2  2  
 2 Julian Melchiori         Joey Laleggia            40     1   2  2  

4 vs 4 Forward 
   Center                   Wing                     Time % Phy DF OF 
 1 Zac Dalpe                Brian Ferlin             60     1   2  2  
 2 James Sheppard           Garret Ross              40     1   2  2  

4 vs 4 Defense
   Defense                  Defense                  Time % Phy DF OF 
 1 Connor Murphy            Cade Fairchild           60     1   2  2  
 2 Julian Melchiori         Joey Laleggia            40     1   2  2  

Last Minutes Offensive
   Center                   Left Wing                Right Wing               Defense                  Defense                  
   Zac Dalpe                James Sheppard           Brian Ferlin             Connor Murphy            Cade Fairchild           

Last Minutes Defensive
   Center                   Left Wing                Right Wing               Defense                  Defense                  
   Zac Dalpe                James Sheppard           Brian Ferlin             Connor Murphy            Cade Fairchild           

Goaltenders
Starting : Leland Irving            
Backup : Sean Maguire             

Extra Forwards
Normal : Pavel Kraskovsky, Brad Ross, Ben Johnson - PP : Pavel Kraskovsky, Brad Ross - PK : Ben Johnson
Extra Defensemen
Normal : Slater Koekkoek, Alexander Yelesin, Julian Melchiori - PP : Slater Koekkoek - PK : Alexander Yelesin, Julian Melchiori
Penalty Shots
Zac Dalpe, Brian Ferlin, James Sheppard, Garret Ross, James Livingstone

Scratches
Andrew Shaw (Dislocated Patella Injury), Gabriel Carlsson (Healthy), Dylan McIlrath (Healthy), Chris Driedger (Healthy)

Royaux

5 vs 5 Forward 
   Center                   Left Wing                Right Wing               Time % Phy DF OF 
 1 Dylan Larkin             Tye McGinn               Ben Hanowski             35     0   2  3  
 2 Mathew Barzal            Brandon Pirri            Kasperi Kapanen          35     0   2  3  
 3 Rourke Chartier          Brendan Woods            Danny Kristo             20     0   2  3  
 4 Vladislav Namestnikov    Sonny Milano             Mathieu Joseph           10     0   3  2  

5 vs 5 Defense 
   Defense                  Defense                                           Time % Phy DF OF 
 1 Travis Sanheim           Simon Despres                                     35     0   3  2  
 2 Jordie Benn              Marcus Pettersson                                 35     0   3  2  
 3 Ian McCoshen             Phil Oreskovic                                    15     0   3  2  
 4 Marcus Pettersson        Phil Oreskovic                                    15     0   3  2  

PowerPlay Forward 
   Center                   Left Wing                Right Wing               Time % Phy DF OF 
 1 Dylan Larkin             Tye McGinn               Ben Hanowski             60     0   1  4  
 2 Mathew Barzal            Brandon Pirri            Kasperi Kapanen          40     0   1  4  

PowerPlay Defense
   Defense                  Defense                                           Time % Phy DF OF 
 1 Jordie Benn              Marcus Pettersson                                 60     0   2  3  
 2 Phil Oreskovic           Travis Sanheim                                    40     0   2  3  

Penalty Kill 4 Players Forward 
   Center                   Wing                     Time % Phy DF OF 
 1 Danny Kristo             Brendan Woods            60     0   4  1  
 2 Ben Hanowski             Tye McGinn               40     0   4  1  

Penalty Kill 4 Players Defense
   Defense                  Defense                  Time % Phy DF OF 
 1 Jordie Benn              Simon Despres            60     1   2  2  
 2 Phil Oreskovic           Ian McCoshen             40     1   2  2  

Penalty Kill - 3 Players Forward 
   Forward                                           Time % Phy DF OF 
 1 Brendan Woods                                     60     0   4  1  
 2 Danny Kristo                                      40     0   4  1  

Penalty Kill - 3 Players Defense
   Defense                  Defense                  Time % Phy DF OF 
 1 Jordie Benn              Simon Despres            60     1   2  2  
 2 Phil Oreskovic           Ian McCoshen             40     1   2  2  

4 vs 4 Forward 
   Center                   Wing                     Time % Phy DF OF 
 1 Dylan Larkin             Tye McGinn               60     0   2  3  
 2 Ben Hanowski             Kasperi Kapanen          40     0   2  3  

4 vs 4 Defense
   Defense                  Defense                  Time % Phy DF OF 
 1 Travis Sanheim           Simon Despres            60     0   3  2  
 2 Marcus Pettersson        Jordie Benn              40     0   3  2  

Last Minutes Offensive
   Center                   Left Wing                Right Wing               Defense                  Defense                  
   Dylan Larkin             Tye McGinn               Ben Hanowski             Marcus Pettersson        Travis Sanheim           

Last Minutes Defensive
   Center                   Left Wing                Right Wing               Defense                  Defense                  
   Tye McGinn               Brendan Woods            Danny Kristo             Phil Oreskovic           Simon Despres            

Goaltenders
Starting : Olivier Roy              
Backup : Igor Shesterkin          

Extra Forwards
Normal : Dylan Larkin, Kasperi Kapanen, Danny Kristo - PP : Sonny Milano, Danny Kristo - PK : Kasperi Kapanen
Extra Defensemen
Normal : Travis Sanheim, Marcus Pettersson, Phil Oreskovic - PP : Simon Despres - PK : Marcus Pettersson, Travis Sanheim
Penalty Shots
Dylan Larkin, Brandon Pirri, Danny Kristo, Sonny Milano, Ben Hanowski

Scratches
Garrett Wilson (Healthy), Troy Terry (Healthy), Tanner Kero (Healthy), Greg McKegg (Healthy), Nikita Pavlychev (Healthy)
Konrad Abeltshauser (Healthy), Dylan DeMelo (Healthy), Tomas Hyka (Healthy), Ryan Pulock (Healthy), Michael Bunting (Healthy)
Ryan Mantha (Healthy), Jack Ramsey (Healthy), Marcus Hogberg (Healthy)

% Time on Ice - Rafales

Lines # - Real PCT - Wanted PCT - Time Play
Normal Forward
1 - 30% - 40% - 11:15
2 - 27% - 30% - 10:12
3 - 29% - 20% - 10:55
4 - 13% - 10% - 4:49
Normal Defense
1 - 41% - 40% - 15:11
2 - 29% - 30% - 10:54
3 - 27% - 20% - 10:06
4 - 3% - 10% - 1:00
PP Forward
1 - 57% - 60% - 8:27
2 - 43% - 40% - 6:26
PP Defense
1 - 60% - 60% - 8:58
2 - 40% - 40% - 5:55
PK Forward
1 - 69% - 60% - 5:14
2 - 31% - 40% - 2:21
PK Defense
1 - 57% - 60% - 4:20
2 - 43% - 40% - 3:15
PK3 Forward
1 - 0% - 60%
2 - 0% - 40%
PK3 Defense
1 - 0% - 60%
2 - 0% - 40%
44 Forward
1 - 100% - 60% - 0:21
2 - 0% - 40% - 0:00
44 Defense
1 - 100% - 60% - 0:21
2 - 0% - 40% - 0:00
Last Minute Offensive  - 0:00
Last Minute Defensive  - 0:00
Total
Forward - 60:00
Defense - 60:00

% Time on Ice - Royaux

Lines # - Real PCT - Wanted PCT - Time Play
Normal Forward
1 - 35% - 35% - 12:52
2 - 30% - 35% - 11:08
3 - 20% - 20% - 7:35
4 - 15% - 10% - 5:36
Normal Defense
1 - 37% - 35% - 13:48
2 - 34% - 35% - 12:34
3 - 18% - 15% - 6:33
4 - 11% - 15% - 4:16
PP Forward
1 - 54% - 60% - 4:05
2 - 46% - 40% - 3:30
PP Defense
1 - 59% - 60% - 4:30
2 - 41% - 40% - 3:05
PK Forward
1 - 73% - 60% - 10:48
2 - 27% - 40% - 4:05
PK Defense
1 - 58% - 60% - 8:39
2 - 42% - 40% - 6:14
PK3 Forward
1 - 0% - 60%
2 - 0% - 40%
PK3 Defense
1 - 0% - 60%
2 - 0% - 40%
44 Forward
1 - 100% - 60% - 0:21
2 - 0% - 40% - 0:00
44 Defense
1 - 100% - 60% - 0:21
2 - 0% - 40% - 0:00
Last Minute Offensive  - 0:00
Last Minute Defensive  - 0:00
Total
Forward - 60:00
Defense - 60:00

Play-by-Play

1st period


0:01 of 1st period - Zac Dalpe wins face-off versus Dylan Larkin in neutral zone.
0:04 of 1st period - Wrist shot by James Sheppard.
0:04 of 1st period - Stopped by Olivier Roy with a rebound.
0:47 of 1st period - Travis Sanheim is hit by Ben Thomson and loses puck.
1:16 of 1st period - Icing by Slater Koekkoek.
1:17 of 1st period - Ryan Bourque wins face-off versus Dylan Larkin in Rafales zone.
1:32 of 1st period - Snap shot by Tye McGinn.
1:32 of 1st period - Stopped by Leland Irving without a rebound.
1:33 of 1st period - Mathew Barzal wins face-off versus Zac Dalpe in Rafales zone.
2:00 of 1st period - Tye McGinn is hit by Garret Ross and loses puck.
2:41 of 1st period - Snap shot by Sonny Milano.
2:41 of 1st period - Shot Misses the Net.
3:07 of 1st period - Marcus Pettersson is hit by James Livingstone and loses puck.
3:22 of 1st period - Wrist shot by Dylan Larkin.
3:22 of 1st period - Stopped by Leland Irving without a rebound.
3:23 of 1st period - Tye McGinn wins face-off versus Joe Labate in Rafales zone.
3:31 of 1st period - Minor Penalty to Ben Thomson for Cross-checking.
3:32 of 1st period - Zac Dalpe wins face-off versus Dylan Larkin in Rafales zone.
3:36 of 1st period - Jordie Benn is hit by Zac Dalpe and loses puck.
4:19 of 1st period - Zac Dalpe is hit by Ben Hanowski and loses puck.
5:08 of 1st period - Cade Fairchild is hit by Tye McGinn and loses puck.
5:31 of 1st period - Penalty to Ben Thomson is over, Ben Thomson is back on ice.
5:49 of 1st period - Wrist shot by Travis Sanheim.
5:49 of 1st period - Deflect By Brendan Woods.
5:49 of 1st period - Shot Misses the Net.
5:49 of 1st period - Puck is out of play.
5:50 of 1st period - Brendan Woods wins face-off versus Jayson Megna in Rafales zone.
6:15 of 1st period - Snap shot by Zac Dalpe.
6:15 of 1st period - Shot Misses the Net.
6:55 of 1st period - Icing by Julian Melchiori.
6:56 of 1st period - Joe Labate wins face-off versus Dylan Larkin in Rafales zone.
6:56 of 1st period - Joe Labate is hit by Dylan Larkin.
7:05 of 1st period - Off-side.
7:06 of 1st period - Zac Dalpe wins face-off versus Mathew Barzal in neutral zone.
7:33 of 1st period - Simon Despres is hit by Jayson Megna and loses puck.
7:58 of 1st period - Wrist shot by Brendan Woods.
7:58 of 1st period - Deflect By Rourke Chartier.
7:58 of 1st period - Shot Misses the Net.
7:58 of 1st period - Puck is out of play.
7:59 of 1st period - Zac Dalpe wins face-off versus Brandon Pirri in Rafales zone.
9:36 of 1st period - Snap shot by Kasperi Kapanen.
9:36 of 1st period - Shot Misses the Net.
10:30 of 1st period - Slapshot by Marcus Pettersson.
10:30 of 1st period - Shot Misses the Net.
10:32 of 1st period - Snap shot by Danny Kristo.
10:32 of 1st period - Stopped by Leland Irving without a rebound.
10:33 of 1st period - Mathew Barzal wins face-off versus James Sheppard in Rafales zone.
10:59 of 1st period - Brian Ferlin is hit by Marcus Pettersson and loses puck.
11:55 of 1st period - Icing by Vladislav Namestnikov.
11:56 of 1st period - Vladislav Namestnikov wins face-off versus Jayson Megna in Royaux zone.
12:03 of 1st period - Snap shot by James Livingstone.
12:03 of 1st period - Stopped by Olivier Roy with a rebound.
12:05 of 1st period - Snap shot by James Livingstone.
12:05 of 1st period - Deflect By Garret Ross.
12:05 of 1st period - Stopped by Olivier Roy with a rebound.
12:07 of 1st period - Snap shot by Garret Ross.
12:07 of 1st period - Shot Misses the Net.
12:11 of 1st period - Wrist shot by James Livingstone.
12:11 of 1st period - Shot Blocked by Travis Sanheim.
12:21 of 1st period - Travis Sanheim is hit by Ryan Bourque and loses puck.
12:40 of 1st period - Wrist shot by Ben Thomson.
12:40 of 1st period - Deflect By Borna Rendulic.
12:40 of 1st period - Stopped by Olivier Roy without a rebound.
12:41 of 1st period - Mathew Barzal wins face-off versus Joe Labate in Royaux zone.
13:06 of 1st period - Cade Fairchild is hit by Jordie Benn and loses puck.
13:11 of 1st period - Slapshot by Dylan Larkin.
13:11 of 1st period - Stopped by Leland Irving with a rebound.
13:13 of 1st period - Snap shot by Ben Hanowski.
13:13 of 1st period - Deflect By Brian Ferlin.
13:13 of 1st period - Shot Misses the Net.
13:13 of 1st period - Puck is out of play.
13:14 of 1st period - Zac Dalpe wins face-off versus Dylan Larkin in Rafales zone.
13:14 of 1st period - Zac Dalpe is hit by Phil Oreskovic.
14:57 of 1st period - Slapshot by James Livingstone.
14:57 of 1st period - Shot Misses the Net.
14:59 of 1st period - Slapshot by Connor Murphy.
14:59 of 1st period - Shot Blocked by Jordie Benn.
15:34 of 1st period - Backhand shot by Vladislav Namestnikov.
15:34 of 1st period - Shot Misses the Net.
15:36 of 1st period - Snap shot by Tye McGinn.
15:36 of 1st period - Stopped by Leland Irving without a rebound.
15:37 of 1st period - James Livingstone wins face-off versus Dylan Larkin in Rafales zone.
15:41 of 1st period - Connor Murphy is hit by Ian McCoshen and loses puck.
16:18 of 1st period - Slapshot by Brandon Pirri.
16:18 of 1st period - Shot Blocked by Connor Murphy.
16:33 of 1st period - Slapshot by Simon Despres.
16:33 of 1st period - Stopped by Leland Irving with a rebound.
17:16 of 1st period - Wrist shot by James Livingstone.
17:16 of 1st period - Shot Blocked by Brandon Pirri.
17:18 of 1st period - Slapshot by Slater Koekkoek.
17:18 of 1st period - Shot Misses the Net.
17:20 of 1st period - Wrist shot by Jayson Megna.
17:20 of 1st period - Goal by Jayson Megna - Rafales : 1 - Royaux : 0.
17:21 of 1st period - Mathew Barzal wins face-off versus Zac Dalpe in neutral zone.
17:26 of 1st period - Snap shot by Brandon Pirri.
17:26 of 1st period - Shot Misses the Net.
17:37 of 1st period - Off-side.
17:38 of 1st period - Dylan Larkin wins face-off versus Jayson Megna in neutral zone.
17:43 of 1st period - Wrist shot by Dylan Larkin.
17:43 of 1st period - Stopped by Leland Irving with a rebound.
17:45 of 1st period - Wrist shot by Dylan Larkin.
17:45 of 1st period - Shot Blocked by Cade Fairchild.
18:04 of 1st period - Connor Murphy is hit by Rourke Chartier and loses puck.
18:47 of 1st period - Off-side.
18:48 of 1st period - Dylan Larkin wins face-off versus Tyrell Goulbourne in neutral zone.
18:51 of 1st period - Zac Dalpe is hit by Simon Despres.
19:20 of 1st period - Cade Fairchild is hit by Brandon Pirri and loses puck.
19:37 of 1st period - Borna Rendulic is hit by Marcus Pettersson.
19:56 of 1st period - Wrist shot by Ben Hanowski.
19:56 of 1st period - Shot Blocked by Julian Melchiori.
19:58 of 1st period - Slapshot by Phil Oreskovic.
19:58 of 1st period - Deflect By Ben Hanowski.
19:58 of 1st period - Shot Blocked by Julian Melchiori.
19:58 of 1st period - Puck is out of play.
19:59 of 1st period - Zac Dalpe wins face-off versus Dylan Larkin in Rafales zone.
Goals for this period are 1 for Rafales vs 0 for Royaux.
Shots for this period are 5 for Rafales vs 7 for Royaux.

2nd period


0:01 of 2nd period - Zac Dalpe wins face-off versus Mathew Barzal in neutral zone.
0:04 of 2nd period - Snap shot by James Sheppard.
0:04 of 2nd period - Stopped by Olivier Roy without a rebound.
0:05 of 2nd period - Zac Dalpe wins face-off versus Mathew Barzal in Royaux zone.
0:30 of 2nd period - Wrist shot by Zac Dalpe.
0:30 of 2nd period - Stopped by Olivier Roy with a rebound.
0:40 of 2nd period - Slapshot by Brandon Pirri.
0:40 of 2nd period - Goal by Brandon Pirri - Rafales : 1 - Royaux : 1.
0:41 of 2nd period - Dylan Larkin wins face-off versus Jayson Megna in neutral zone.
0:49 of 2nd period - Wrist shot by Ben Hanowski.
0:49 of 2nd period - Stopped by Leland Irving with a rebound.
0:51 of 2nd period - Snap shot by Ben Hanowski.
0:51 of 2nd period - Goal by Ben Hanowski - Rafales : 1 - Royaux : 2.
0:52 of 2nd period - James Sheppard wins face-off versus Dylan Larkin in neutral zone.
0:55 of 2nd period - Snap shot by Brian Ferlin.
0:55 of 2nd period - Shot Blocked by Ben Hanowski.
1:05 of 2nd period - Snap shot by Zac Dalpe.
1:05 of 2nd period - Goal by Zac Dalpe - Rafales : 2 - Royaux : 2.
1:06 of 2nd period - Zac Dalpe wins face-off versus Tye McGinn in neutral zone.
1:06 of 2nd period - Zac Dalpe is hit by Ben Hanowski.
1:28 of 2nd period - Minor Penalty to Ben Hanowski for Hooking.
1:29 of 2nd period - Danny Kristo wins face-off versus James Sheppard in Royaux zone.
1:40 of 2nd period - Wrist shot by Brian Ferlin.
1:40 of 2nd period - Shot Misses the Net.
2:12 of 2nd period - Snap shot by Kasperi Kapanen.
2:12 of 2nd period - Shot Blocked by Julian Melchiori.
3:19 of 2nd period - Icing by Julian Melchiori.
3:20 of 2nd period - Brendan Woods wins face-off versus Zac Dalpe in Rafales zone.
3:28 of 2nd period - Penalty to Ben Hanowski is over, Ben Hanowski is back on ice.
3:43 of 2nd period - Brandon Pirri is hit by Joe Labate and loses puck.
3:52 of 2nd period - Jordie Benn is hit by Joe Labate and loses puck.
3:59 of 2nd period - Snap shot by Ben Thomson.
3:59 of 2nd period - Shot Blocked by Marcus Pettersson.
4:05 of 2nd period - Borna Rendulic is hit by Jordie Benn and loses puck.
4:30 of 2nd period - Snap shot by Ben Thomson.
4:30 of 2nd period - Shot Blocked by Jordie Benn.
4:36 of 2nd period - Slater Koekkoek is hit by Brandon Pirri and loses puck.
4:41 of 2nd period - Snap shot by Mathew Barzal.
4:41 of 2nd period - Stopped by Leland Irving without a rebound.
4:42 of 2nd period - Zac Dalpe wins face-off versus Dylan Larkin in Rafales zone.
4:42 of 2nd period - Zac Dalpe is hit by Simon Despres.
5:13 of 2nd period - Snap shot by Garret Ross.
5:13 of 2nd period - Deflect By Danny Kristo.
5:13 of 2nd period - Shot Blocked by Ian McCoshen.
5:13 of 2nd period - Puck is out of play.
5:14 of 2nd period - Rourke Chartier wins face-off versus Jayson Megna in Royaux zone.
5:18 of 2nd period - Off-side.
5:19 of 2nd period - Jayson Megna wins face-off versus Rourke Chartier in neutral zone.
5:21 of 2nd period - Minor Penalty to Simon Despres for Hooking.
5:22 of 2nd period - Danny Kristo wins face-off versus Zac Dalpe in Royaux zone.
5:37 of 2nd period - Wrist shot by Brian Ferlin.
5:37 of 2nd period - Stopped by Olivier Roy without a rebound.
5:38 of 2nd period - Zac Dalpe wins face-off versus Brendan Woods in Royaux zone.
6:12 of 2nd period - Wrist shot by Jayson Megna.
6:12 of 2nd period - Stopped by Olivier Roy with a rebound.
6:38 of 2nd period - Phil Oreskovic is hit by Julian Melchiori and loses puck.
7:21 of 2nd period - Penalty to Simon Despres is over, Simon Despres is back on ice.
7:51 of 2nd period - Julian Melchiori is hit by Simon Despres and loses puck.
8:02 of 2nd period - Sonny Milano is hit by Zac Dalpe and loses puck.
8:28 of 2nd period - Off-side.
8:29 of 2nd period - Jayson Megna wins face-off versus Brendan Woods in neutral zone.
8:50 of 2nd period - Snap shot by Borna Rendulic.
8:50 of 2nd period - Stopped by Olivier Roy with a rebound.
8:52 of 2nd period - Slapshot by Connor Murphy.
8:52 of 2nd period - Goal by Connor Murphy - Rafales : 3 - Royaux : 2.
8:53 of 2nd period - Dylan Larkin wins face-off versus Zac Dalpe in neutral zone.
8:56 of 2nd period - Slapshot by Marcus Pettersson.
8:56 of 2nd period - Shot Hit the Post.
8:58 of 2nd period - Snap shot by Tye McGinn.
8:58 of 2nd period - Goal by Tye McGinn - Rafales : 3 - Royaux : 3.
8:59 of 2nd period - Mathew Barzal wins face-off versus Zac Dalpe in neutral zone.
9:53 of 2nd period - Wrist shot by Connor Murphy.
9:53 of 2nd period - Shot Blocked by Travis Sanheim.
9:55 of 2nd period - Slapshot by Connor Murphy.
9:55 of 2nd period - Deflect By Ben Thomson.
9:55 of 2nd period - Stopped by Olivier Roy with a rebound.
9:57 of 2nd period - Slapshot by Cade Fairchild.
9:57 of 2nd period - Stopped by Olivier Roy with a rebound.
10:07 of 2nd period - Snap shot by Zac Dalpe.
10:07 of 2nd period - Shot Misses the Net.
10:09 of 2nd period - Slapshot by Joey Laleggia.
10:09 of 2nd period - Stopped by Olivier Roy with a rebound.
10:11 of 2nd period - Snap shot by Zac Dalpe.
10:11 of 2nd period - Stopped by Olivier Roy with a rebound.
10:13 of 2nd period - Snap shot by Julian Melchiori.
10:13 of 2nd period - Stopped by Olivier Roy with a rebound.
10:30 of 2nd period - Slapshot by Travis Sanheim.
10:30 of 2nd period - Shot Misses the Net.
11:06 of 2nd period - Slapshot by Joe Labate.
11:06 of 2nd period - Shot Hit the Post.
11:08 of 2nd period - Wrist shot by Joe Labate.
11:08 of 2nd period - Shot Blocked by Jordie Benn.
12:41 of 2nd period - Snap shot by Kasperi Kapanen.
12:41 of 2nd period - Goal by Kasperi Kapanen - Rafales : 3 - Royaux : 4.
12:42 of 2nd period - Zac Dalpe wins face-off versus Mathew Barzal in neutral zone.
13:00 of 2nd period - Minor Penalty to Brandon Pirri for Slashing.
13:01 of 2nd period - Zac Dalpe wins face-off versus Danny Kristo in Royaux zone.
13:01 of 2nd period - Snap shot by James Sheppard.
13:01 of 2nd period - Shot Misses the Net.
13:03 of 2nd period - Snap shot by Connor Murphy.
13:03 of 2nd period - Deflect By Brian Ferlin.
13:03 of 2nd period - Shot Misses the Net.
13:03 of 2nd period - Puck is out of play.
13:04 of 2nd period - Zac Dalpe wins face-off versus Danny Kristo in Royaux zone.
14:38 of 2nd period - Cade Fairchild is hit by Tye McGinn and loses puck.
15:00 of 2nd period - Penalty to Brandon Pirri is over, Brandon Pirri is back on ice.
15:13 of 2nd period - Slapshot by Tye McGinn.
15:13 of 2nd period - Goal by Tye McGinn - Rafales : 3 - Royaux : 5.
15:13 of 2nd period - Sean Maguire enters game.
15:14 of 2nd period - Garret Ross wins face-off versus Mathew Barzal in neutral zone.
15:16 of 2nd period - Minor Penalty to Garret Ross for Hooking.
15:17 of 2nd period - Zac Dalpe wins face-off versus Dylan Larkin in Rafales zone.
15:43 of 2nd period - Cade Fairchild is hit by Brandon Pirri and loses puck.
17:02 of 2nd period - Phil Oreskovic is hit by Ben Johnson and loses puck.
17:16 of 2nd period - Penalty to Garret Ross is over, Garret Ross is back on ice.
17:27 of 2nd period - James Livingstone is hit by Rourke Chartier and loses puck.
17:40 of 2nd period - Minor Penalty to Jayson Megna for Hooking.
17:41 of 2nd period - Zac Dalpe wins face-off versus Ben Hanowski in Rafales zone.
19:18 of 2nd period - Minor Penalty to Tye McGinn for Hooking.
19:19 of 2nd period - Dylan Larkin wins face-off versus Zac Dalpe in Royaux zone.
19:40 of 2nd period - Penalty to Jayson Megna is over, Jayson Megna is back on ice.
19:40 of 2nd period - Cade Fairchild is hit by Danny Kristo and loses puck.
Goals for this period are 2 for Rafales vs 5 for Royaux.
Shots for this period are 12 for Rafales vs 7 for Royaux.

3rd period


0:01 of 3rd period - Zac Dalpe wins face-off versus Danny Kristo in neutral zone.
0:14 of 3rd period - Slapshot by Zac Dalpe.
0:14 of 3rd period - Stopped by Olivier Roy without a rebound.
0:15 of 3rd period - Danny Kristo wins face-off versus Zac Dalpe in Royaux zone.
0:41 of 3rd period - Garret Ross is hit by Kasperi Kapanen and loses puck.
1:18 of 3rd period - Penalty to Tye McGinn is over, Tye McGinn is back on ice.
1:25 of 3rd period - Wrist shot by Sonny Milano.
1:25 of 3rd period - Stopped by Sean Maguire with a rebound.
1:27 of 3rd period - Snap shot by Mathieu Joseph.
1:27 of 3rd period - Goal by Mathieu Joseph - Rafales : 3 - Royaux : 6.
1:28 of 3rd period - Dylan Larkin wins face-off versus Zac Dalpe in neutral zone.
1:31 of 3rd period - Slapshot by Marcus Pettersson.
1:31 of 3rd period - Stopped by Sean Maguire with a rebound.
1:37 of 3rd period - Wrist shot by James Sheppard.
1:37 of 3rd period - Shot Misses the Net.
1:39 of 3rd period - Snap shot by James Sheppard.
1:39 of 3rd period - Stopped by Olivier Roy with a rebound.
1:41 of 3rd period - Slapshot by Connor Murphy.
1:41 of 3rd period - Stopped by Olivier Roy without a rebound.
1:42 of 3rd period - Zac Dalpe wins face-off versus Mathew Barzal in Royaux zone.
1:47 of 3rd period - Snap shot by Brian Ferlin.
1:47 of 3rd period - Shot Misses the Net.
1:49 of 3rd period - Snap shot by Connor Murphy.
1:49 of 3rd period - Stopped by Olivier Roy with a rebound.
1:51 of 3rd period - Snap shot by James Sheppard.
1:51 of 3rd period - Shot Misses the Net.
1:53 of 3rd period - Snap shot by Brian Ferlin.
1:53 of 3rd period - Stopped by Olivier Roy with a rebound.
1:55 of 3rd period - Wrist shot by Zac Dalpe.
1:55 of 3rd period - Shot Blocked by Jordie Benn.
1:57 of 3rd period - Backhand shot by Zac Dalpe.
1:57 of 3rd period - Shot Misses the Net.
2:12 of 3rd period - Minor Penalty to Jayson Megna for Delaying the game.
2:13 of 3rd period - Zac Dalpe wins face-off versus Dylan Larkin in Rafales zone.
2:26 of 3rd period - Slapshot by Brian Ferlin.
2:26 of 3rd period - Stopped by Olivier Roy with a rebound.
2:28 of 3rd period - Slapshot by Cade Fairchild.
2:28 of 3rd period - Stopped by Olivier Roy without a rebound.
2:29 of 3rd period - Dylan Larkin wins face-off versus Zac Dalpe in Royaux zone.
2:29 of 3rd period - Dylan Larkin is hit by Zac Dalpe.
2:35 of 3rd period - Slapshot by Dylan Larkin.
2:35 of 3rd period - Shot Misses the Net.
2:55 of 3rd period - Connor Murphy is hit by Marcus Pettersson and loses puck.
3:06 of 3rd period - Backhand shot by Garret Ross.
3:06 of 3rd period - Stopped by Olivier Roy with a rebound.
3:08 of 3rd period - Snap shot by Garret Ross.
3:08 of 3rd period - Stopped by Olivier Roy without a rebound.
3:09 of 3rd period - Dylan Larkin wins face-off versus Zac Dalpe in Royaux zone.
3:35 of 3rd period - Cade Fairchild is hit by Brandon Pirri.
4:12 of 3rd period - Penalty to Jayson Megna is over, Jayson Megna is back on ice.
4:13 of 3rd period - Julian Melchiori is hit by Kasperi Kapanen and loses puck.
4:33 of 3rd period - Jordie Benn is hit by Garret Ross and loses puck.
4:54 of 3rd period - Slapshot by Brendan Woods.
4:54 of 3rd period - Shot Misses the Net.
4:56 of 3rd period - Wrist shot by Danny Kristo.
4:56 of 3rd period - Stopped by Sean Maguire without a rebound.
4:57 of 3rd period - Ryan Bourque wins face-off versus Dylan Larkin in Rafales zone.
4:57 of 3rd period - Ryan Bourque is hit by Tye McGinn.
5:07 of 3rd period - Icing by Connor Murphy.
5:08 of 3rd period - Kasperi Kapanen wins face-off versus Ryan Bourque in Rafales zone.
5:09 of 3rd period - Slapshot by Travis Sanheim.
5:09 of 3rd period - Stopped by Sean Maguire with a rebound.
5:14 of 3rd period - Cade Fairchild is hit by Simon Despres.
5:49 of 3rd period - Icing by Travis Sanheim.
5:50 of 3rd period - Zac Dalpe wins face-off versus Dylan Larkin in Royaux zone.
5:57 of 3rd period - Wrist shot by James Sheppard.
5:57 of 3rd period - Shot Misses the Net.
6:07 of 3rd period - Wrist shot by Dylan Larkin.
6:07 of 3rd period - Stopped by Sean Maguire with a rebound.
6:09 of 3rd period - Slapshot by Dylan Larkin.
6:09 of 3rd period - Shot Misses the Net.
6:11 of 3rd period - Wrist shot by Dylan Larkin.
6:11 of 3rd period - Stopped by Sean Maguire with a rebound.
6:13 of 3rd period - Slapshot by Simon Despres.
6:13 of 3rd period - Stopped by Sean Maguire with a rebound.
6:15 of 3rd period - Slapshot by Simon Despres.
6:15 of 3rd period - Deflect By Ben Hanowski.
6:15 of 3rd period - Stopped by Sean Maguire with a rebound.
6:17 of 3rd period - Wrist shot by Ben Hanowski.
6:17 of 3rd period - Stopped by Sean Maguire without a rebound.
6:18 of 3rd period - Kasperi Kapanen wins face-off versus Jayson Megna in Rafales zone.
6:50 of 3rd period - Slapshot by Marcus Pettersson.
6:50 of 3rd period - Stopped by Sean Maguire with a rebound.
6:52 of 3rd period - Slapshot by Phil Oreskovic.
6:52 of 3rd period - Shot Misses the Net.
6:54 of 3rd period - Snap shot by Brendan Woods.
6:54 of 3rd period - Deflect By Danny Kristo.
6:54 of 3rd period - Shot Misses the Net.
6:54 of 3rd period - Puck is out of play.
6:55 of 3rd period - Rourke Chartier wins face-off versus Zac Dalpe in Rafales zone.
7:16 of 3rd period - Minor Penalty to Danny Kristo for Holding.
7:17 of 3rd period - Zac Dalpe wins face-off versus Kasperi Kapanen in Royaux zone.
9:16 of 3rd period - Penalty to Danny Kristo is over, Danny Kristo is back on ice.
9:22 of 3rd period - Brendan Woods is hit by Ben Thomson and loses puck.
9:49 of 3rd period - Snap shot by Kasperi Kapanen.
9:49 of 3rd period - Stopped by Sean Maguire without a rebound.
9:50 of 3rd period - Ryan Bourque wins face-off versus Dylan Larkin in Rafales zone.
9:50 of 3rd period - Ryan Bourque is hit by Ben Hanowski.
10:15 of 3rd period - Sonny Milano is hit by Brian Ferlin.
10:25 of 3rd period - Slater Koekkoek is hit by Marcus Pettersson and loses puck.
11:18 of 3rd period - Joe Labate is hit by Ben Hanowski and loses puck.
11:25 of 3rd period - Borna Rendulic is hit by Dylan Larkin and loses puck.
11:34 of 3rd period - Minor Penalty to Jordie Benn for Interference.
11:35 of 3rd period - Danny Kristo wins face-off versus Zac Dalpe in Royaux zone.
11:42 of 3rd period - Snap shot by Brian Ferlin.
11:42 of 3rd period - Shot Misses the Net.
11:44 of 3rd period - Slapshot by Cade Fairchild.
11:44 of 3rd period - Deflect By Zac Dalpe.
11:44 of 3rd period - Shot Blocked by Ian McCoshen.
11:44 of 3rd period - Puck is out of play.
11:45 of 3rd period - Danny Kristo wins face-off versus Brian Ferlin in Royaux zone.
12:25 of 3rd period - Marcus Pettersson is hit by James Livingstone and loses puck.
13:18 of 3rd period - Icing by Connor Murphy.
13:19 of 3rd period - Kasperi Kapanen wins face-off versus James Sheppard in Rafales zone.
13:20 of 3rd period - Wrist shot by Brandon Pirri.
13:20 of 3rd period - Shot Misses the Net.
13:32 of 3rd period - Snap shot by Kasperi Kapanen.
13:32 of 3rd period - Shot Misses the Net.
13:34 of 3rd period - Penalty to Jordie Benn is over, Jordie Benn is back on ice.
13:34 of 3rd period - Snap shot by Simon Despres.
13:34 of 3rd period - Shot Blocked by Connor Murphy.
13:36 of 3rd period - Slapshot by Simon Despres.
13:36 of 3rd period - Stopped by Sean Maguire without a rebound.
13:37 of 3rd period - Mathew Barzal wins face-off versus Ben Thomson in Rafales zone.
14:23 of 3rd period - Slater Koekkoek is hit by Danny Kristo and loses puck.
15:35 of 3rd period - Snap shot by Dylan Larkin.
15:35 of 3rd period - Stopped by Sean Maguire with a rebound.
15:37 of 3rd period - Slapshot by Phil Oreskovic.
15:37 of 3rd period - Stopped by Sean Maguire without a rebound.
15:38 of 3rd period - Zac Dalpe wins face-off versus Mathew Barzal in Rafales zone.
15:38 of 3rd period - Zac Dalpe is hit by Mathew Barzal.
15:49 of 3rd period - Minor Penalty to Ian McCoshen for Interference.
15:50 of 3rd period - Zac Dalpe wins face-off versus Danny Kristo in Royaux zone.
15:50 of 3rd period - Snap shot by Brian Ferlin.
15:50 of 3rd period - Stopped by Olivier Roy without a rebound.
15:51 of 3rd period - Zac Dalpe wins face-off versus Danny Kristo in Royaux zone.
16:00 of 3rd period - Wrist shot by Connor Murphy.
16:00 of 3rd period - Stopped by Olivier Roy without a rebound.
16:01 of 3rd period - Zac Dalpe wins face-off versus Danny Kristo in Royaux zone.
16:26 of 3rd period - Danny Kristo is hit by Connor Murphy.
16:50 of 3rd period - Slapshot by Ben Hanowski.
16:50 of 3rd period - Stopped by Sean Maguire with a rebound.
17:10 of 3rd period - Slapshot by Julian Melchiori.
17:10 of 3rd period - Deflect By James Sheppard.
17:10 of 3rd period - Goal by James Sheppard - Rafales : 4 - Royaux : 6.
17:11 of 3rd period - Ryan Bourque wins face-off versus Dylan Larkin in neutral zone.
17:32 of 3rd period - Minor Penalty to Ben Hanowski for Boarding.
17:33 of 3rd period - Danny Kristo wins face-off versus Zac Dalpe in Royaux zone.
17:48 of 3rd period - Jordie Benn is hit by Brian Ferlin and loses puck.
18:05 of 3rd period - Snap shot by Brian Ferlin.
18:05 of 3rd period - Stopped by Olivier Roy without a rebound.
18:06 of 3rd period - Danny Kristo wins face-off versus Jayson Megna in Royaux zone.
18:39 of 3rd period - Slapshot by Ian McCoshen.
18:39 of 3rd period - Shot Misses the Net.
19:32 of 3rd period - Penalty to Ben Hanowski is over, Ben Hanowski is back on ice.
Goals for this period are 1 for Rafales vs 1 for Royaux.
Shots for this period are 13 for Rafales vs 16 for Royaux.